 Dungeon Crawl Stone Soup version 0.31-a0-845-g9abc20d24f (webtiles) character file.

Game seed: 11846679611849752841

142 Kurtz the Chopper (level 5, 0/36 HPs)
             Began as an Octopode Fighter on Oct 1, 2023.
             Slain by a centaur (2 damage)
             ... on level 4 of the Dungeon.
             The game lasted 00:02:13 (3393 turns).

Kurtz the Chopper (Octopode Fighter)                Turns: 3393, Time: 00:02:14

Health: 0/36       AC:  1    Str: 17    XL:     5   Next: 24%
Magic:  5/5        EV: 13    Int: 10    God:
Gold:   231        SH:  4    Dex: 12    Spells: 4/4 levels left

rFire   . . .        a - +0 war axe
rCold   + . .        b - +0 buckler
rNeg    . . .        (helmet restricted)
rPois   .            (no amulet)
rElec   .            l - ring of protection from cold
rCorr   .            (no ring)
SInv    .            (no ring)
Will    +....        (no ring)
Stlth   ++           (no ring)
HPRegen 0.26/turn    (no ring)
MPRegen 0.09/turn    (no ring)
                     (no ring)

%: no passive effects
@: mighty, enlightened, flying
A: almost no armour, amphibious, 8 rings, camouflage 1, gelatinous body 1,
(nimble swimmer 1), tentacles
a: no special abilities


You were on level 4 of the Dungeon.
You visited 1 branch of the dungeon, and saw 4 of its levels.

You collected 231 gold pieces.

Inventory:

Hand Weapons
 a - a +0 war axe (weapon)
Missiles
 n - a throwing net
Armour
 b - a +0 buckler (worn)
Jewellery
 l - a ring of protection from cold (left tentacle)
Scrolls
 e - 2 scrolls of brand weapon {unknown}
 f - 2 scrolls of fog {unknown}
 g - a scroll of enchant armour {unknown}
 h - 2 scrolls of identify {unknown}
 i - a scroll of torment {unknown}
 j - a scroll of vulnerability {unknown}
 k - a scroll of revelation {unknown}
 m - a scroll of noise {unknown}
 o - a scroll of fear {unknown}


   Skills:
 - Level 3.0 Fighting
 * Level 5.3 Axes
 - Level 3.0 Dodging
 - Level 3.0 Shields


You had 4 spell levels left.
You didn't know any spells.
Your spell library contained the following spells:

 Spells                   Type           Power      Damage    Failure   Level
 Volatile Blastmotes      Fire/Tloc      0%         2d10      82%         3
 Fulminant Prism          Conj/Hex       0%         3d5       99%         4
 Iskenderun's Mystic Bla  Conj/Tloc      0%         2d3       99%         4


Dungeon Overview and Level Annotations

Branches:
Dungeon (4/15)
 Temple: D:4-7

Altars:
Gozag


Innate Abilities, Weirdness & Mutations

You cannot wear most types of armour.
You are amphibious.
You can wear up to eight rings at the same time.
Your skin changes colour to match your surroundings (Stealth+).
Your rubbery body absorbs attacks. (AC +1, EV +1)
((You are camouflaged when in or above water. (Stealth+)))
You have tentacles for arms and can constrict up to eight enemies at once.


Message History

A hobgoblin comes into view.
The hobgoblin shouts!
A centaur comes into view.
You see here a scroll labelled MUHOMA RAES.
o - a scroll labelled MUHOMA RAES The centaur shouts!
The centaur wields a +0 orcbow.
The centaur shoots an arrow.
The arrow barely misses you.
The centaur shoots an arrow.
The arrow closely misses you. The hobgoblin barely misses you.
The hobgoblin attacks as it pursues you!
The hobgoblin barely misses you.
The hobgoblin attacks as it pursues you!
The hobgoblin barely misses you.
The hobgoblin attacks as it pursues you!
The hobgoblin barely misses you.
You feel very mighty all of a sudden. The hobgoblin closely misses you.
You barely miss the hobgoblin. You grab the hobgoblin.
You constrict the hobgoblin. The hobgoblin closely misses you.
You slash the hobgoblin!
You kill the hobgoblin!
The centaur shoots an arrow.
The arrow hits you!
The centaur shoots an arrow.
The arrow closely misses you.
The centaur unwields a +0 orcbow.
The centaur hits you.
The centaur barely misses you. x2; The centaur kicks you.
You barely miss the centaur. You block the centaur's attack.
The centaur misses you.
You barely miss the centaur.
The centaur hits you but does no damage.
The centaur kicks you. The centaur closely misses you. The centaur kicks you.
You closely miss the centaur. The centaur misses you.
The centaur closely misses you. The centaur hits you.
* * * LOW HITPOINT WARNING * * *
The centaur kicks you.
* * * LOW HITPOINT WARNING * * *
It was a potion of enlightenment.
You feel very buoyant.
You fly up into the air.
The centaur barely misses you. The centaur kicks you.
You die...

#.#.###.###.#.# .......
#.#.###..##.#.# #.......
#.#.#.......#.#.#.......
###.#.........#.#.#.......
#.................#.......
#.#.##..........# .......
######.#.....#####...###...c...
.............#####.#.....#
................@c.###...#
.............####### ##......
............... ..#.....
.############### #.##.....
...............# #.# .....
...............# #.# ....
...............# #.# ....
.########......# .# #......#


You could see a centaur.

Vanquished Creatures
  Robin (D:2)
  3 gnolls (D:4)
  2 adders
  2 worms (D:3)
  A dart slug (D:1)
  An orc (D:3)
  3 ball pythons
  2 bats
  4 endoplasms
  3 giant cockroaches
  11 goblins
  7 hobgoblins
  13 jackals
  3 quokkas
  3 frilled lizards
  4 kobolds
  2 rats
65 creatures vanquished.

Notes
Turn   | Place    | Note
-------+----------+-------------------------------------------
     0 | D:1      | Kurtz the Octopode Fighter began the quest for the Orb.
     0 | D:1      | Reached XP level 1. HP: 16/16 MP: 1/1
   339 | D:1      | Reached XP level 2. HP: 10/21 MP: 2/2
   725 | D:1      | Found a faded altar of an unknown god.
   728 | D:1      | Reached skill level 3 in Axes
  1201 | D:2      | Reached XP level 3. HP: 19/26 MP: 3/3
  1246 | D:2      | Noticed Robin
  1550 | D:2      | Reached skill level 4 in Axes
  1603 | D:2      | Killed Robin
  1604 | D:2      | Reached XP level 4. HP: 18/31 MP: 4/4
  3113 | D:3      | Found an opulent altar of Gozag.
  3186 | D:4      | Reached skill level 5 in Axes
  3186 | D:4      | Reached XP level 5. HP: 36/36 MP: 5/5
  3354 | D:4      | Noticed an orc warrior
  3376 | D:4      | Noticed a centaur
  3393 | D:4      | Slain by a centaur

Illustrated notes

Levels and vault maps discovered:
D:1:      saegor_arrival_simple_e, layout_basic,
          shapermc_ecumenical_altar_mp_highgroup
D:2:      layout_loops_ring, minivault_5, grunt_decor_arrowhead, uniq_robin
D:3:      layout_basic, nicolae_overflow_hidden_temple, columned_hall_lemuel
D:4:      layout_basic, kennysheep_small_square, uniq_grinder

Skill      XL: |  1  2  3  4 |
---------------+-------------+-----
Axes           | 3 4 5 |  5.3
Fighting       | |  3.0
Dodging        | |  3.0
Shields        | |  3.0

Action                     |  1- 3 |  4- 6 || total
---------------------------+-------+-------++-------
  Melee: War axe           |    64 |    53 ||   117
         Tentacles         |    13 |     4 ||    17
         Constrict         |    18 |    11 ||    29
    Use: Potion            |       |     2 ||     2
   Stab: Sleeping          |     4 |     2 ||     6
 Armour: Skin              |    27 |    27 ||    54
  Dodge: Dodged            |    51 |    42 ||    93
  Block: Buckler           |     9 |     4 ||    13

Table legend: (Time is in decaauts)
 A = Elapsed time spent in this place.
 B = Non-inter-level travel time spent in this place.
 C = Inter-level travel time spent in this place.
 D = Time resting spent in this place.
 E = Time spent auto-exploring this place.
 F = Levels seen in this place.
 G = Mean time per level.
                   A        B        C        D        E       F      G
               +--------+--------+--------+--------+--------+-----+--------+
         Total |   3434 |   3101 |    333 |    339 |   2318 |   4 |  858.5 |
       Dungeon |   3434 |   3101 |    333 |    339 |   2318 |   4 |  858.5 |
               +--------+--------+--------+--------+--------+-----+--------+

Top non-repeatable levels by time:
     D:1: 1240 daAuts
     D:2: 996 daAuts
     D:3: 979 daAuts
     D:4: 218 daAuts
